 Dungeon Crawl Stone Soup version 0.28-a0-230-g086cc6695f (webtiles) character file.

Game seed: 10117800266717177437

32237 Conn the Arsonist (level 13, -3/78 HPs)
             Began as an Octopode Fire Elementalist on Aug 22, 2021.
             Was an Elder of Sif Muna.
             Slain by a hell rat (5 damage)
             ... while petrified by a basilisk
             ... on level 4 of the Lair of Beasts.
             The game lasted 01:20:07 (19642 turns).

Conn the Arsonist (Octopode Fire Elementalist)     Turns: 19642, Time: 01:20:08

Health: -3/78      AC:  3    Str:  7    XL:     13   Next: 63%
Magic:  2/27       EV:  2    Int: 19    God:    Sif Muna [****..]
Gold:   2503       SH:  0    Dex: 20    Spells: 14/33 levels left

rFire   . . .      SeeInvis .   h - +4 dagger (elec)
rCold   + + .      Faith    .   k - +3 buckler {rC+}
rNeg    + + +      Spirit   .   f - +2 hat
rPois   ∞          Reflect  .   W - amulet of the acrobat
rElec   .          Harm     .   a - +4 ring of evasion
rCorr   +          Rampage  .   t - ring "Waerghoergh" {Fire rPois Will- rCorr Slay+2}
Will    .....                   p - ring of protection from cold
Stlth   +++++.....              n - +4 ring of evasion
HPRegen 0.23/turn               A - +4 ring of slaying
MPRegen 0.20/turn               o - ring of willpower
                                Q - +6 ring of dexterity
                                M - ring of ice

@: about to teleport, petrified, frozen, very slow
A: almost no armour, amphibious, 8 rings, camouflage 1, gelatinous body 1,
(nimble swimmer 1), tentacles, dopey 1, evolution 1
a: Renounce Religion, Channel Magic, Forget Spell, Divine Exegesis


You were on level 4 of the Lair of Beasts.
You worshipped Sif Muna.
Sif Muna was greatly pleased with you.
You visited 2 branches of the dungeon, and saw 13 of its levels.
You also visited: Ice Cave.

You collected 2503 gold pieces.

Inventory:

Hand Weapons
 b - a +0 dagger
 d - a +0 short sword
 h - a +4 dagger of electrocution (weapon)
 j - a +3 dagger of venom
 N - the +8 demon trident of Tumult {venom, +Rage rF- Int+4}
   (You found it in an ice cave)

   It poisons the flesh of those it strikes.
   Int:       It affects your intelligence (+4).
   rF:        It makes you vulnerable to fire.
   +Rage:     It lets you go berserk.
Missiles
 C - 8 boomerangs of dispersal
 K - a throwing net
Armour
 f - a +2 hat (worn)
 k - a +3 buckler of cold resistance (worn)
Jewellery
 a - a +4 ring of evasion (left tentacle)
 c - an amulet of magic regeneration
 m - a ring of poison resistance
 n - a +4 ring of evasion (on tentacle)
 o - a ring of willpower (on tentacle)
 p - a ring of protection from cold (on tentacle)
 t - the ring "Waerghoergh" (right tentacle) {Fire rPois Will- rCorr Slay+2}
   (You found it on level 4 of the Dungeon)

   [ring of fire]

   It enhances your fire magic.
   Slay:      It affects your accuracy & damage with ranged weapons and melee
   (+2).
   rF:        It protects you from fire.
   rC:        It makes you vulnerable to cold.
   rPois:     It protects you from poison.
   rCorr:     It protects you from acid and corrosion.
   Will:      It decreases your willpower.
 A - a +4 ring of slaying (on tentacle)
 J - an amulet of regeneration
 M - a ring of ice (on tentacle)
 Q - a +6 ring of dexterity (on tentacle)
 W - an amulet of the acrobat (around mantle)
Wands
 w - a wand of iceblast (38)
 D - a wand of flame (15)
 E - a wand of mindburst (22)
 F - a wand of paralysis (9)
 G - a wand of polymorph (18)
 I - a wand of digging (6)
 T - a wand of acid (6)
Scrolls
 g - 2 scrolls of holy word
 i - 2 scrolls of fog
 l - 3 scrolls of immolation
 s - a scroll of fear
 u - 4 scrolls of identify
 v - a scroll of magic mapping
 y - 3 scrolls of teleportation
 P - a scroll of enchant armour
Potions
 e - 4 potions of resistance
 q - 3 potions of haste
 r - a potion of lignification
 x - a potion of magic
 z - 3 potions of curing
 B - 2 potions of might
 H - 2 potions of flight
 L - a potion of invisibility
 O - a potion of berserk rage
 R - 2 potions of mutation
 S - a potion of heal wounds
 U - a potion of brilliance
Miscellaneous
 V - a tin of tremorstones (2/2)


   Skills:
 + Level 3.6 Fighting
 + Level 4.9 Short Blades
 + Level 6.2 Dodging
 + Level 7.4 Stealth
 + Level 2.6 Shields
 + Level 10.8 Spellcasting
 + Level 10.0 Conjurations
 + Level 4.0 Hexes
 - Level 4.0 Translocations
 + Level 11.8 Fire Magic
 + Level 5.5 Invocations


You had 14 spell levels left.
You knew the following spells:

 Your Spells              Type           Power      Damage    Failure   Level
a - Foxfire               Conj/Fire      100%       2x1d9     1%          1
b - Conjure Flame         Conj/Fire      67%        6-21      1%          3
c - Inner Flame           Hex/Fire       57%        N/A       1%          3
d - Sticky Flame          Conj/Fire      67%        2d8       1%          4
e - Fireball              Conj/Fire      33%        3d14      2%          5
f - Blink                 Tloc           N/A        N/A       2%          2
g - Magic Dart            Conj           100%       1d8       1%          1

Your spell library contained the following spells:

 Spells                   Type           Power      Damage    Failure   Level
 Shock                    Conj/Air       100%       1d9       1%          1
 Slow                     Hex            25%        N/A       2%          2
 Confusing Touch          Hex            25%        N/A       4%          3
 Ignite Poison            Fire/Tmut/Pois 37%        N/A       4%          3
 Lesser Beckoning         Tloc           12%        N/A       4%          3
 Mephitic Cloud           Conj/Pois/Air  22%        N/A       6%          3
 Call Imp                 Summ           10%        N/A       12%         2
 Corpse Rot               Necr/Air       N/A        N/A       12%         2
 Swiftness                Air            10%        N/A       24%         3
 Manifold Assault         Tloc           25%        N/A       41%         5
 Airstrike                Air            5%         N/A       63%         4
 Animate Dead             Necr           5%         N/A       63%         4
 Olgreb's Toxic Radiance  Pois           10%        N/A       63%         4
 Summon Forest            Summ/Tloc      8%         N/A       69%         5
 Summon Mana Viper        Hex/Summ       17%        N/A       69%         5
 Yara's Violent Unravell  Hex/Tmut       8%         3d5       69%         5
 Borgnjor's Vile Clutch   Necr/Erth      5%         N/A       92%         5
 Ignition                 Fire           35%        3d11      99%         8
 Death Channel            Necr           5%         N/A       100%        6
 Shadow Creatures         Summ           N/A        N/A       100%        6
 Ozocubu's Refrigeration  Ice            7%         4d6       100%        7
 Maxwell's Capacitive Co  Air            5%         ∞         100%        8


Dungeon Overview and Level Annotations

Branches:
Dungeon (9/15)             Temple (0/1) D:5            Lair (4/6) D:9
 Shoals (0/4) Lair:3        Snake (0/4) Lair:2        IceCv (visited)
    Orc: D:9-12

Altars:
Dithmenos
Elyvilon
Gozag
Hepliaklqana
Makhleb
Nemelex Xobeh
Qazlal
Ru
Sif Muna
Uskayaw
Wu Jian
The Shining One

Annotations:
D:4 2 transporters, Froggeryz's ghost, amateur OpBr


Innate Abilities, Weirdness & Mutations

You cannot wear most types of armour.
You are amphibious.
You can wear up to eight rings at the same time.
Your skin changes colour to match your surroundings (Stealth+).
Your rubbery body absorbs attacks. (AC +1, EV +1)
((You are camouflaged near water. (Stealth+)))
You have tentacles for arms and can constrict up to eight enemies at once.
You are dopey. (Int -2)
You have hidden genetic potential.


Message History

Aiming: Inner Flame (safe; 1% risk of failure)
Press: ? - help, Shift-Dir - straight line, f - five-headed hydra
Aim: a five-headed hydra (severely wounded, chance to affect: 75%)
You feel a surge of power!
The five-headed hydra struggles to resist.
A hell rat comes into view.
The basilisk hisses angrily.
The hell rat roars deafeningly!
You hear an angry hiss.
You hear a deafening roar!
You hear an angry hiss.
A hell hound comes into view.
You block the hell rat's attack. The hell rat completely misses you.
The hell rat bites you! The basilisk gazes at you.
You are slowing down.
The basilisk hisses angrily.
The rime drake hisses angrily.
There is an escape hatch in the ceiling, spattered with blood here.
As you read the scroll of teleportation, it crumbles to dust.
You feel strangely unstable.
The hell hound barks!
The hell hound breathes flames at you. The blast of flame hits you.
The hell rat closely misses you. The basilisk gazes at you.
Your limbs have turned to stone.
You have turned to stone.
A wyvern comes into view.
The hell rat bites you! The basilisk bites you!
The rime drake breathes ice at you. The flash freeze hits you!
You partially resist.
* * * LOW HITPOINT WARNING * * *
You are encased in ice.
A rime drake comes into view.
The hell rat bites you but does no damage.
The wyvern moves out of view.
The rime drake hisses angrily.
The basilisk bites you!
* * * LOW HITPOINT WARNING * * *
The rime drake bites you.
* * * LOW HITPOINT WARNING * * *
The basilisk bites you!!
* * * LOW HITPOINT WARNING * * *
The hell rat bites you!
You die...

...####...#.#.....$...rl.
#..#...
...##.......##.......#llk
#......
k.##........k##......#
#......
k.#............#..#..###
#P##
.#...##...##...##.P.....
# # #...## ##.....l.....
#
#.D.##....#.#...#........
...###.....###..l#.......
# >.8###..>..##.8l@h# #
....##.....###.kr##
...###....####.D##
....#...8.##.k..#
.....#....##...##
.##...........#.#
..#....k......##.#
...##.........# ##
.P..#.#...##..#####


You could see a five-headed hydra, 2 basilisks, 3 rime drakes, a hell hound, a
wyvern (wandering) and a hell rat.

Vanquished Creatures
  Harold (D:9)
  The ghost of Zero the Destroyer, a journeyman GrCj of Vehumet (Lair:2)
  5 hydras
  A boulder beetle (D:7)
  Erica (D:8)
  A two-headed ogre (D:8)
  Urug (Lair:3)
  An ugly thing (IceCv)
  5 elephants (Lair:3)
  3 ice statues (IceCv)
  6 black mambas
  5 cane toads
  6 rime drakes
  A freezing wraith (IceCv)
  5 komodo dragons
  An entropy weaver simulacrum (IceCv)
  An anaconda simulacrum (IceCv)
  2 polar bears
  2 hornets (D:8)
  2 trolls
  Grinder (D:6)
  Prince Ribbit (D:6)
  A wraith (D:8)
  Sigmund (D:6)
  28 yaks
  2 shadows (D:9)
  A dire elephant simulacrum (IceCv)
  4 wyverns
  2 basilisks (D:9)
  A vampire mosquito (D:8)
  Menkaure (D:6)
  3 death yak simulacra (IceCv)
  16 water moccasins
  2 sky beasts
  8 orc warriors
  2 ice beasts
  2 hornet zombies
  An ogre (D:4)
  3 centaurs
  3 kobold brigands
  9 bullfrogs
  2 gnoll sergeants
  A wyvern zombie (D:6)
  3 scorpions
  A water moccasin zombie (D:5)
  3 elephant simulacra (IceCv)
  10 killer bees
  4 howler monkeys
  5 wights
  A bullfrog zombie (D:7)
  The ghost of udvgu the Digger, a weakling GrEE (D:3)
  7 centaur zombies
  A bullfrog skeleton (D:6)
  2 jellies
  4 orc priests
  4 hounds
  3 iguanas
  Jessica (D:2)
  A hell rat (Lair:4)
  12 orc wizards
  A killer bee zombie (D:7)
  A hound skeleton (D:4)
  A howler monkey zombie (D:8)
  Robin (D:2)
  7 gnolls
  10 adders
  2 river rats (D:3)
  An ufetubus (D:4)
  An adder skeleton (D:4)
  A worm (D:3)
  4 dart slugs
  39 orcs
  7 endoplasms
  4 giant cockroaches
  17 goblins
  9 hobgoblins
  3 quokkas
  12 ball pythons
  4 bats
  7 frilled lizards
  17 kobolds
  10 rats
368 creatures vanquished.

Vanquished Creatures (collateral kills)
  4 foxfires
4 creatures vanquished.

Vanquished Creatures (others)
  An elephant (Lair:3)
  1170 foxfires
  21 fungi
  42 plants
1234 creatures vanquished.

Grand Total: 1606 creatures vanquished

Notes
Turn   | Place    | Note
-------+----------+-------------------------------------------
     0 | D:1      | Conn the Octopode Fire Elementalist began the quest for the
                  | Orb.
     0 | D:1      | Reached XP level 1. HP: 11/11 MP: 3/3
   228 | D:1      | Reached XP level 2. HP: 5/17 MP: 0/5
  1123 | D:1      | Reached XP level 3. HP: 21/21 MP: 1/6
  1313 | D:1      | Learned a level 3 spell: Conjure Flame
  1432 | D:1      | Found a faded altar of an unknown god.
  1803 | D:2      | Noticed Jessica
  1811 | D:2      | Reached skill level 4 in Fire Magic
  1939 | D:2      | Killed Jessica
  1940 | D:2      | Reached XP level 4. HP: 27/27 MP: 2/7
  2001 | D:2      | Noticed Robin
  2006 | D:2      | Killed Robin
  2144 | D:2      | Reached XP level 5. HP: 31/31 MP: 1/8
  3153 | D:3      | Reached skill level 1 in Short Blades
  3153 | D:3      | Reached skill level 5 in Fire Magic
  3153 | D:3      | Reached XP level 6. HP: 13/36 MP: 5/10
  3353 | D:3      | Learned a level 3 spell: Inner Flame
  3378 | D:3      | Found a runed translucent door.
  3379 | D:3      | Noticed udvgu's ghost (weakling GrEE)
  3555 | D:3      | Killed udvgu's ghost
  3559 | D:3      | Found a runed translucent door.
  4082 | D:4      | Reached XP level 7. HP: 24/42 MP: 3/11
  4346 | D:4      | Learned a level 4 spell: Sticky Flame
  4352 | D:4      | Found a shadowy altar of Dithmenos.
  4367 | D:4      | Found a transporter.
  4372 | D:4      | Noticed Froggeryz's ghost (amateur OpBr)
  4383 | D:4      | Learned a level 1 spell: Magic Dart
  4745 | D:3      | Found a burning altar of Makhleb.
  5061 | D:4      | Found a transporter.
  5124 | D:4      | Identified the ring "Waerghoergh" {Fire rPois Will- rCorr
                  | Slay+2}
  5139 | D:4      | Found a shimmering blue altar of Sif Muna.
  5165 | D:4      | Became a worshipper of Sif Muna the Loreminder
  5480 | D:4      | Found an opulent altar of Gozag.
  5577 | D:5      | Entered Level 5 of the Dungeon
  5637 | D:5      | Reached skill level 6 in Fire Magic
  5825 | D:5      | Reached skill level 1 in Fighting
  5957 | D:5      | Reached XP level 8. HP: 48/48 MP: 8/13
  6135 | D:5      | Found a staircase to the Ecumenical Temple.
  6213 | D:5      | Found a hide-covered altar of Uskayaw.
  6385 | D:6      | Noticed Menkaure
  6393 | D:6      | Killed Menkaure
  6394 | D:6      | Reached skill level 5 in Stealth
  6397 | D:6      | Noticed a troll
  6524 | D:6      | Killed a troll
  6874 | D:6      | Found an ornate altar of the Wu Jian Council.
  7151 | D:6      | Got the Reference Book on Quantum Weightlessness
  7254 | D:6      | Reached skill level 1 in Invocations
  7377 | D:6      | Reached skill level 7 in Fire Magic
  7481 | D:6      | Reached XP level 9. HP: 53/53 MP: 15/15
  7488 | D:6      | Found a hazy altar of Hepliaklqana.
  7590 | D:6      | Noticed Sigmund
  7601 | D:6      | Killed Sigmund
  7602 | D:6      | Reached skill level 1 in Hexes
  7608 | D:6      | Noticed Prince Ribbit
  7613 | D:6      | Killed Prince Ribbit
  7900 | D:6      | Identified 2 scrolls of acquirement
  7900 | D:6      | Acquired a +0 buckler of cold resistance
  7913 | D:6      | Learned a level 5 spell: Fireball
  7913 | D:6      | Acquired 1203 gold pieces
  8012 | D:6      | Reached skill level 5 in Conjurations
  8088 | D:6      | Noticed Grinder
  8094 | D:6      | Killed Grinder
  8281 | D:6      | Found a glowing golden altar of the Shining One.
  8531 | D:7      | Learned a level 2 spell: Blink
  8601 | D:7      | Reached skill level 5 in Spellcasting
  8768 | D:7      | Found a sacrificial altar of Ru.
  8768 | D:7      | Noticed a boulder beetle
  8907 | D:7      | Reached * piety under Sif Muna
  9064 | D:7      | Reached skill level 1 in Translocations
  9087 | D:7      | Reached skill level 8 in Fire Magic
  9597 | D:7      | Killed a boulder beetle
  9598 | D:7      | Reached skill level 1 in Shields
  9598 | D:7      | Reached XP level 10. HP: 30/60 MP: 4/19
  9808 | D:8      | Found a runed translucent door.
 10668 | D:8      | Found a runed translucent door.
 10697 | D:8      | Learned a level 5 spell: Fireball
 10744 | D:8      | Reached ** piety under Sif Muna
 11525 | D:8      | Noticed a two-headed ogre
 11535 | D:8      | Killed a two-headed ogre
 11536 | D:8      | Reached skill level 9 in Fire Magic
 11536 | D:8      | Reached skill level 5 in Invocations
 11536 | D:8      | Reached XP level 11. HP: 57/65 MP: 8/21
 11885 | D:9      | Noticed Erica
 12145 | D:8      | Killed Erica
 13262 | D:8      | Reached skill level 5 in Dodging
 13530 | D:9      | Reached *** piety under Sif Muna
 13660 | D:9      | Found a white marble altar of Elyvilon.
 13788 | D:9      | Noticed Harold
 13793 | D:9      | Killed Harold
 13984 | D:9      | Found a sparkling altar of Nemelex Xobeh.
 14044 | D:9      | Found a stormy altar of Qazlal.
 14067 | D:9      | Found a staircase to the Lair.
 14111 | D:9      | Gained mutation: You are weak. (Str -2) [potion of
                  | mutation]
 14114 | D:9      | Lost mutation: You are weak. (Str -2) [potion of mutation]
 14114 | D:9      | Gained mutation: You are dopey. (Int -2) [potion of
                  | mutation]
 14114 | D:9      | Gained mutation: You have hidden genetic potential. [potion
                  | of mutation]
 14413 | Lair:1   | Entered Level 1 of the Lair of Beasts
 14545 | Lair:1   | Reached skill level 10 in Fire Magic
 14545 | Lair:1   | Reached XP level 12. HP: 72/72 MP: 12/24
 14703 | Lair:1   | Found a frozen archway.
 14823 | IceCv    | Entered an ice cave
 15569 | IceCv    | Identified the +8 demon trident of Tumult {venom, +Rage rF-
                  | Int+4}
 15795 | Lair:1   | Noticed a five-headed hydra
 15803 | Lair:1   | Killed a five-headed hydra
 15803 | Lair:1   | Reached **** piety under Sif Muna
 16602 | Lair:2   | Noticed a six-headed hydra
 16617 | Lair:2   | Killed a six-headed hydra
 16943 | Lair:3   | Found a staircase to the Shoals.
 16964 | Lair:3   | Noticed Urug
 17076 | Lair:2   | Reached skill level 11 in Fire Magic
 17160 | Lair:2   | Found a runed translucent door.
 17160 | Lair:2   | Noticed Zero's ghost (journeyman GrCj)
 17265 | Lair:2   | Reached skill level 10 in Spellcasting
 17482 | Lair:2   | Reached XP level 13. HP: 55/76 MP: 17/27
 17633 | Lair:2   | Found a staircase to the Snake Pit.
 18051 | Lair:2   | Killed Zero's ghost
 18181 | Lair:3   | Killed Urug
 19367 | Lair:4   | Reached skill level 10 in Conjurations
 19642 | Lair:4   | HP: 2/78 [basilisk (9)]
 19642 | Lair:4   | Slain by a hell rat

Illustrated notes

Levels and vault maps discovered:
D:1:      dpeg_arrival_court, layout_basic,
          hellmonk_ecumenical_altar_arch_garden, st_stairs_6
D:2:      layout_basic, fountainhead, bh_walls_and_bars, uniq_jessica,
          uniq_robin
D:3:      layout_basic, lightli_temple_of_fire, portal_sewer_entry_b,
          ebering_ghost_sewer_f
D:4:      layout_basic, kennysheep_orc_sif_temple,
          nicolae_gozag_cash_rules_everything_around_me,
          mainiacjoe_overflow_brackets, gammafunk_ghost_stat_death
D:5:      layout_loops_ring, marbit_many_paths, temple_green
D:6:      layout_layer_cave, mainiacjoe_overflow_boulevard,
          kennysheep_little_box, kennysheep_mini_moat, uniq_grinder,
          uniq_sigmund, uniq_prince_ribbit1, uniq_menkaure
D:7:      layout_basic, hangedman_ru_absence
D:8:      cheibrodos_histonic, layout_basic
D:9:      layout_cave_pools, lemuel_tele_altar, elyvilon_altar_1,
          kennysheep_mini, minmay_lair_entry_grove, uniq_erica, uniq_harold
Lair:1:   layout_concentric_octagons, portal_ice_cave_rime, grunt_megastairs_4,
          infiniplex_staircase_pool_2
Lair:2:   layout_hall_layers, minmay_snake_entry_six_corridors,
          hellmonk_ghost_happy_afterlife, chequers_serial_rivers_marsh
Lair:3:   layout_concentric_octagons, elwin_shoals_entry_rocks, uniq_urug
Lair:4:   layout_gridlike, special_room [special_room_mythical_zoo],
          grunt_megastairs_5, lemuel_fruit_tree

Skill      XL: |  1  2  3  4  5  6  7  8  9 10 11 12 13 |
---------------+----------------------------------------+-----
Fire Magic     | 4 5 6 7 8 9 10 11 | 11.8
Stealth        | 3 4 5 6 7 |  7.4
Conjurations   | 2 3 4 5 6 8 9 10 | 10.0
Short Blades   | 1 2 3 4 |  4.9
Spellcasting   | 3 4 6 7 8 10 | 10.8
Fighting       | 1 2 3 |  3.6
Dodging        | 4 5 6 |  6.2
Invocations    | 2 4 5 |  5.5
Hexes          | 1 2 3 4 |  4.0
Translocations | 2 3 4 |  4.0
Shields        | 1 2 |  2.6

Action                   |  1- 3 |  4- 6 |  7- 9 | 10-12 | 13-15 || total
-------------------------+-------+-------+-------+-------+-------++-------
Melee: Unarmed           |     6 |       |       |       |       ||     6
       Dagger            |     6 |    33 |   139 |   125 |    20 ||   323
       Constrict         |     4 |    10 |    24 |    20 |     2 ||    60
       Short sword       |     6 |     3 |       |       |       ||     9
       Tentacles         |       |     5 |    24 |    22 |     1 ||    52
 Cast: Foxfire           |    58 |   103 |   124 |   337 |    60 ||   682
       Conjure Flame     |       |     1 |     3 |    13 |       ||    17
       Sticky Flame      |       |       |     8 |    50 |    14 ||    72
       Inner Flame       |       |       |     8 |    40 |    18 ||    66
       Magic Dart        |       |       |     2 |     1 |       ||     3
       Fireball          |       |       |       |    44 |     8 ||    52
       Blink             |       |       |       |     9 |     1 ||    10
Invok: Channel Magic     |       |       |       |     1 |       ||     1
Evoke: Wand              |       |       |       |     1 |       ||     1
  Use: Scroll            |       |     2 |    13 |    11 |     3 ||    29
       Potion            |       |     4 |     4 |     6 |       ||    14
 Stab: Sleeping          |     1 |     6 |     9 |     1 |     4 ||    21
       Distracted        |       |       |     1 |       |       ||     1
Armor: Skin              |     6 |    11 |    36 |    17 |     4 ||    74
Dodge: Dodged            |    17 |    37 |   102 |   195 |    29 ||   380
Block: Buckler           |       |       |     3 |    64 |     7 ||    74

Table legend: (Time is in decaauts)
 A = Elapsed time spent in this place.
 B = Non-inter-level travel time spent in this place.
 C = Inter-level travel time spent in this place.
 D = Time resting spent in this place.
 E = Time spent auto-exploring this place.
 F = Levels seen in this place.
 G = Mean time per level.
                   A        B        C        D        E       F      G
               +--------+--------+--------+--------+--------+-----+--------+
         Total |  19643 |  19388 |    255 |   4468 |   9132 |  14 | 1403.1 |
       Dungeon |  14423 |  14238 |    185 |   3101 |   7195 |   9 | 1602.6 |
          Lair |   4414 |   4344 |     70 |    786 |   1937 |   4 | 1103.5 |
      Ice Cave |    804 |    804 |      0 |    581 |      0 |   1 |  804.0 |
               +--------+--------+--------+--------+--------+-----+--------+

Top non-repeatable levels by time:
     D:8: 3578 daAuts
     D:6: 2037 daAuts
     D:1: 1961 daAuts
  Lair:1: 1449 daAuts
     D:3: 1406 daAuts
     D:7: 1283 daAuts
  Lair:3: 1186 daAuts
     D:4: 1138 daAuts
  Lair:2: 1095 daAuts
     D:2: 1066 daAuts
     D:9: 1052 daAuts
     D:5: 900 daAuts
   IceCv: 804 daAuts
  Lair:4: 682 daAuts
